AoeStats
← wolololigma

Arena

506992879Analyzed
2v2 RM · 15d ago on Sep 16, 2026· 44m 53s· 4 players
Game mode
Random Map
Map size
Medium (4 player)
Population
200
Speed
Normal
Resources
Standard
Victory
Conquest
Starting age
Dark Age
Ending age
Imperial Age
RankedLock teamsTeams togetherTeam positionsShared explorationLock speedFull tech treeHidden civsTurbo modeCheats
Victory
Defeat
🇨🇱 Persians · Chile
1142
+14
🇻🇪 Italians · Venezuela
1033
+18
🇺🇸 Inca · United States
1119
-17
🇺🇸 Italians · United States
1058
-15
Squatch360
1:54 Loom
11:04 Feudal Age
15:03 Castle Age
12:54 Double-Bit Axe
13:50 Horse Collar
16:42 Bow Saw
22:31 Scale Mail Armor
23:39 Heavy Plow
24:51 Wheelbarrow
28:16 Imperial Age
27:33 Hand Cart
27:37 Forging
27:48 Gold Mining
28:27 Squires
28:47 Chain Mail Armor
30:21 Plate Mail Armor
31:33 Iron Casting
34:00 Fletching
34:10 Padded Archer Armor
34:56 Elite Skirmisher
37:24 Andean Sling
37:46 Conscription
38:02 Hoardings
36:47 Elite Kamayuk
38:03 Ballistics
39:03 Leather Archer Armor
38:43 Bodkin Arrow
40:05 Blast Furnace
40:59 Fabric Shields
wolololigma
3:22 Loom
10:00 Feudal Age
10:39 Double-Bit Axe
10:36 Horse Collar
11:48 Wheelbarrow
18:25 Castle Age
16:46 Stone Mining
16:48 Gold Mining
23:52 Heavy Plow
24:18 Bow Saw
25:52 Fletching
26:04 Padded Archer Armor
27:31 Hand Cart
32:24 Imperial Age
30:19 Bodkin Arrow
31:01 Squires
30:46 Arson
31:16 Forging
33:14 Ballistics
34:13 Two-Man Saw
34:19 Chemistry
33:17 Murder Holes
33:32 Fortified Wall
33:53 Conscription
37:40 Pikeman
38:47 Bracer
39:02 Leather Archer Armor
40:45 Iron Casting
40:10 Scale Mail Armor
42:30 Elite Genoese Crossbowman
º CAIKE
10:59 Feudal Age
15:35 Castle Age
13:41 Horse Collar
14:10 Double-Bit Axe
23:55 Bow Saw
24:44 Gold Mining
24:44 Stone Mining
25:40 Heavy Plow
26:37 Ballistics
27:33 Fletching
27:44 Padded Archer Armor
28:53 Wheelbarrow
31:56 Imperial Age
29:31 Bodkin Arrow
29:51 Leather Archer Armor
33:50 Chemistry
32:38 Elite Genoese Crossbowman
34:17 Bracer
34:32 Leather Archer Armor
34:52 Conscription
35:38 Squires
36:08 Capped Ram
37:57 Ring Archer Armor
37:37 Forging
37:27 Scale Mail Armor
39:08 Crop Rotation
39:40 Two-Man Saw
38:38 Arson
42:41 Iron Casting
42:22 Chain Mail Armor
Pegui
10:22 Feudal Age
8:39 Loom
10:38 Feudal Age
15:06 Castle Age
12:55 Double-Bit Axe
14:09 Horse Collar
15:07 Town Watch
19:47 Bow Saw
20:38 Heavy Plow
28:15 Bow Saw
32:19 Imperial Age
30:27 Wheelbarrow
30:03 Scale Barding Armor
30:15 Bloodlines
30:30 Husbandry
31:45 Forging
32:22 Cavalier
33:36 Crop Rotation
33:19 Bow Saw
33:23 Gold Mining
33:25 Stone Mining
34:14 Conscription
33:55 Savar
35:14 Gold Shaft Mining
35:16 Stone Shaft Mining
35:47 Two-Man Saw
35:51 Chain Barding Armor
36:07 Iron Casting
36:04 Hand Cart
35:52 Town Patrol
37:14 Plate Barding Armor
40:52 Blast Furnace
41:34 Chemistry
Connection lost

Rejoining the realm…

Still unreachable

The connection could not be restored.

Session expired

The server has moved on; the page needs a fresh start.